 Dungeon Crawl Stone Soup version 0.30-a0-719-gcc4359ea44 (webtiles) character file.

Game seed: 10904482183362776798

26758 Decipherer the Severer (level 13, -8/119 HPs)
             Began as a Minotaur Berserker on Jan 26, 2023.
             Was an Elder of Trog.
             Mangled by a vault guard
             ... wielding a +2 battleaxe
              (22 damage)
             ... on level 13 of the Dungeon.
             The game lasted 00:24:40 (12271 turns).

Decipherer the Severer (Minotaur Berserker)        Turns: 12271, Time: 00:24:41

Health: -8/119     AC: 19    Str: 23    XL:     13   Next: 0%
Magic:  12/12      EV: 14    Int:  3    God:    Trog [****..]
Gold:   593        SH: 13    Dex: 21    Spells: 12/12 levels left

rFire   + . .      SeeInvis .    r - +7 mace of Zeidgh {holy, rF+}
rCold   + + .      Faith    .    i - +1 kite shield {rC+}
rNeg    + . .      Spirit   .    G - +0 plate armour
rPois   .          Reflect  .    c - +0 hat of Slovenliness {rN+ Dex+6}
rElec   .          Harm     .    e - scarf {repulsion}
rCorr   .          Rampage  .    (no gloves)
Will    ++...                    C - +1 pair of boots Stlth
                                 u - amulet of regeneration
HPRegen 2.19/turn                b - ring of protection from cold
MPRegen 0.13/turn                N - +5 ring of evasion

@: strong-willed, on berserk cooldown, regenerating, slowed, repel missiles,
very slow
A: horns 2, retaliatory headbutt, agile 1, weak 1, wild magic 1
a: Renounce Religion, Berserk, Trog's Hand, Brothers in Arms


You were on level 13 of the Dungeon.
You worshipped Trog.
Trog was greatly pleased with you.
You visited 1 branch of the dungeon, and saw 13 of its levels.
You also visited: Ossuary and Gauntlet.

You collected 1077 gold pieces.
You spent 484 gold pieces at shops.

Inventory:

Hand Weapons
 r - the +7 mace of Zeidgh (weapon) {holy, rF+}
   (You found it on level 3 of the Dungeon)

   rF:        It protects you from fire.
 J - the +6 whip of Ignis's Generosity {protect, rElec}
   (You found it on level 7 of the Dungeon)

   rElec:     It insulates you from electricity.
Missiles
 m - 17 poisoned darts
 y - a boomerang of dispersal
 D - 8 javelins
 F - 9 boomerangs
 L - 2 curare-tipped darts
Armour
 c - the +0 hat of Slovenliness (worn) {rN+ Dex+6}
   (You acquired it on level 8 of the Dungeon)

   Dex:       It affects your dexterity (+6).
   rN:        It protects you from negative energy.
 e - a scarf of repulsion (worn)
 i - a +1 kite shield of cold resistance (worn)
 C - a +1 pair of boots (worn)
 G - a +0 plate armour (worn)
Jewellery
 b - a ring of protection from cold (left hand)
 u - an amulet of regeneration (around neck)
 N - a +5 ring of evasion (right hand)
Wands
 g - a wand of digging (12)
 w - a wand of paralysis (24)
 A - a wand of flame (49)
 K - a wand of roots (28)
Scrolls
 a - 6 scrolls of vulnerability
 f - 7 scrolls of immolation
 h - 5 scrolls of identify
 s - 4 scrolls of fog
 z - a scroll of silence
 H - a scroll of butterflies
 I - a scroll of magic mapping
Potions
 j - 3 potions of brilliance
 k - a potion of heal wounds
 l - 2 potions of berserk rage
 n - 4 potions of curing
 q - 2 potions of lignification
 v - 2 potions of attraction
 B - 2 potions of haste
 M - a potion of resistance
 P - a potion of flight
 Q - a potion of might
Miscellaneous
 x - a piece from Xom's chessboard (15/15)
 S - a box of beasts


   Skills:
 + Level 12.5 Fighting
 + Level 15.6 Axes
 + Level 1.2(10.2) Maces & Flails
 + Level 14.3 Armour
 + Level 5.4 Dodging
 + Level 2.0 Stealth
 + Level 9.0 Shields


You had 12 spell levels left.
You didn't know any spells.
Your spell library contained the following spells:

 Spells                   Type           Power      Damage    Failure   Level
 Static Discharge         Conj/Air       0%         2-2/arc   100%        2
 Sublimation of Blood     Necr           0%         N/A       100%        2
 Vhi's Electric Charge    Tloc/Air       0%         N/A       100%        3
 Leda's Liquefaction      Hex/Erth       0%         N/A       100%        4
 Petrify                  Tmut/Erth      0%         N/A       100%        4
 Arcjolt                  Conj/Air       0%         1d10      100%        5
 Irradiate                Conj/Tmut      0%         3d11      100%        5
 Lee's Rapid Deconstruct  Erth           0%         3d4*      100%        5
 Lightning Bolt           Conj/Air       0%         1d11      100%        5
 Statue Form              Tmut/Erth      0%         N/A       100%        6


Dungeon Overview and Level Annotations

Branches:
Dungeon (13/15)            Temple (0/1) D:5            Lair (0/5) D:9
    Orc (0/2) D:12         Vaults (0/5) D:13        Ossuary (visited)
Gauntlet (visited)

Altars:
Gozag
Qazlal
Ru
Sif Muna
Vehumet
Yredelemnul
Zin
The Shining One
Lugonu

Shops:
D:4 !([[(   D:11 [

Annotations:
D:13 Jorgrun


Innate Abilities, Weirdness & Mutations

You have a pair of horns on your head.
You reflexively headbutt those who attack you in melee.
You are agile. (Dex +4, Str/Int -1)
You are weak. (Str -2)
Your spells are a little harder to cast, but a little more powerful.


Message History

As you read the scroll of fear, it crumbles to dust.
You assume a fearsome visage.
The vault guard looks frightened! x2
The vault guard seems to regain its courage.
Your ogre goes berserk!
The vault guard seems to regain its courage. x2
You fail to use your ability.
You hear a grinding noise.
Your ogre hits the vault guard with a +0 giant club!!
The vault guard hits your ogre with a +2 battleaxe!!
You fail to use your ability.
Your ogre closely misses the vault guard.
The vault guard almost stumbles in trying to escape.
The vault guard hits your ogre with a +2 battleaxe!
You fail to use your ability.
The vault guard seems to regain its courage.
Your ogre barely misses the vault guard.
The vault guard hits your ogre with a +2 battleaxe!
Your ogre dies!
Your ogre's corpse disappears in a puff of smoke!
You hear a grinding noise.
You fail to use your ability.
You hear a grinding noise.
Your skin crawls.
You feel strong-willed.
The vault guard hits you with a +2 battleaxe!
The vault guard hits you with a +0 great mace.
The vault guard hits you but does no damage.
The vault guard hits you with a +0 great mace.
As you read the scroll of fear, it crumbles to dust.
You assume a fearsome visage.
The vault guard resists with almost no effort.
The vault guard looks frightened!
The vault guard resists with almost no effort.
The vault guard looks frightened! x3
The vault guard hits you with a +2 battleaxe!!
* * * LOW HITPOINT WARNING * * *
The vault guard hits you with a +2 battleaxe!
* * * LOW HITPOINT WARNING * * *
The vault guard hits you with a +2 battleaxe!!
You die...

#....#.#.# ###
#..#...#.#....
#.###.......#.
#..#...#.##...
##...#.#.##...
##.##.#.##..# #.##.#.##..#
# ########.##........
#...#####p@......####......
..∩.pp)p.p#.##.### ####..#
#...#######)##.# #..# #
#.##.# #..# #.##.# ###...
#.##.. ......... #.####
######### #.# #..... #.#
#.####


You could see 5 vault guards.

Vanquished Creatures
  A minotaur (Gauntlet)
  Azrael (D:12)
  A vault guard (D:13)
  Erolcha (D:13)
  A two-headed ogre (D:12)
  2 boulder beetles
  Urug (D:10)
  2 wizards (Gauntlet)
  An orange crystal statue (D:8)
  2 orc knights (D:12)
  The ghost of TimeIsEndless the Conjurer, a novice OpEE of Vehumet (D:6)
  A deep elf pyromancer (D:11)
  A cyclops (D:11)
  2 manticores (D:12)
  A gargoyle (D:11)
  Maggie (D:7)
  A troll (D:11)
  A polar bear (D:13)
  A tyrant leech (Gauntlet)
  Grinder (D:4)
  4 slime creatures (D:12)
  3 shadows
  A basilisk (D:9)
  2 vampires
  3 wyverns
  24 yaks
  3 wraiths
  A steam dragon (D:9)
  3 fire elementals (D:12)
  12 vampire mosquitoes
  3 swamp worms (Gauntlet)
  An acid dragon (D:11)
  Duvessa (D:4)
  5 hell hounds (D:12)
  6 water moccasins
  6 orc warriors
  A sky beast (D:7)
  3 ice beasts
  2 centaurs
  An ogre (D:5)
  2 kobold brigands
  3 bullfrogs
  A necrophage (D:5)
  A gnoll sergeant (D:8)
  2 scorpions
  13 wights
  Dowan (D:4)
  8 killer bees
  3 howler monkeys (D:9)
  3 lava snakes (D:8)
  4 centaur zombies (Ossuary)
  9 orc priests
  6 hounds
  3 gnoll boudas
  Terence (D:2)
  6 iguanas
  13 orc wizards
  4 mummies (Ossuary)
  17 gnolls
  9 adders
  2 river rats (D:6)
  2 shadow imps
  3 white imps
  2 ufetubi
  2 worms
  2 dart slugs
  45 orcs
  9 endoplasms
  A giant cockroach (D:4)
  6 goblins
  5 hobgoblins
  10 jackals
  3 quokkas
  9 ball pythons
  6 bats
  3 frilled lizards
  A gnoll zombie (Ossuary)
  A goblin zombie (Ossuary)
  17 kobolds
  2 orc zombies (Ossuary)
  2 rats
351 creatures vanquished.

Vanquished Creatures (collateral kills)
  2 ugly things (D:11)
  A large abomination (D:11)
  2 raiju (D:11)
  3 small abominations (D:11)
8 creatures vanquished.

Vanquished Creatures (others)
  5 fungi
  40 plants
  4 withered plants (Gauntlet)
49 creatures vanquished.

Grand Total: 408 creatures vanquished

Notes
Turn   | Place    | Note
-------+----------+-------------------------------------------
     0 | D:1      | Decipherer the Minotaur Berserker began the quest for the
                  | Orb.
     0 | D:1      | Reached XP level 1. HP: 19/19 MP: 0/0
    46 | D:1      | Reached skill level 4 in Axes
    46 | D:1      | Reached XP level 2. HP: 27/27 MP: 1/1
   749 | D:1      | Reached XP level 3. HP: 32/33 MP: 2/2
  1077 | D:2      | Noticed Terence
  1088 | D:2      | Killed Terence
  1100 | D:2      | Identified the +0 hand axe of Viohytew {flame, rF+ Will+
                  | rCorr Dex+3}
  1467 | D:3      | Identified the +2 robe of the Centipede {-Tele Fly rPois
                  | rC+}
  1471 | D:3      | Identified the +7 mace of Zeidgh {holy, rF+}
  1493 | D:3      | Reached XP level 4. HP: 35/37 MP: 3/3
  1528 | D:3      | Reached ** piety under Trog
  1781 | D:3      | Reached skill level 5 in Axes
  2107 | D:4      | Found Ranav's Distillery.
  2113 | D:4      | Reached XP level 5. HP: 47/47 MP: 4/4
  2120 | D:4      | Bought a potion of lignification for 33 gold pieces
  2120 | D:4      | Bought a potion of curing for 33 gold pieces
  2120 | D:4      | Bought a potion of attraction for 33 gold pieces
  2120 | D:4      | Bought 2 potions of heal wounds for 110 gold pieces
  2147 | D:4      | Noticed Grinder
  2158 | D:4      | Killed Grinder
  2159 | D:4      | Reached skill level 5 in Fighting
  2159 | D:4      | Reached skill level 6 in Axes
  2159 | D:4      | Reached XP level 6. HP: 53/56 MP: 5/5
  2164 | D:4      | Noticed Dowan
  2165 | D:4      | Noticed Duvessa
  2173 | D:4      | Killed Duvessa
  2185 | D:4      | Killed Dowan
  2186 | D:4      | Reached skill level 7 in Axes
  2186 | D:4      | Reached XP level 7. HP: 41/61 MP: 6/6
  2251 | D:4      | Found Gawnaz's Antique Weapon Boutique.
  2252 | D:4      | Found Wikhun's Armour Shop.
  2512 | D:4      | Found Cipniet's Armour Emporium.
  2952 | D:4      | Found Fomaf's Weapon Shoppe.
  2994 | D:5      | Entered Level 5 of the Dungeon
  3009 | D:5      | Reached skill level 8 in Axes
  3009 | D:5      | Reached skill level 5 in Armour
  3120 | D:5      | Reached *** piety under Trog
  3337 | D:5      | Reached XP level 8. HP: 66/70 MP: 7/7
  3554 | D:5      | Found a staircase to the Ecumenical Temple.
  4274 | D:6      | Reached skill level 1 in Stealth
  4416 | D:6      | Found a runed translucent door.
  4438 | D:6      | Found a sand-covered staircase.
  4446 | Ossuary  | Entered an ossuary
  4484 | Ossuary  | Reached skill level 1 in Shields
  4658 | D:6      | Noticed TimeIsEndless's ghost (novice OpEE)
  4669 | D:6      | Reached skill level 9 in Axes
  4675 | D:6      | Killed TimeIsEndless's ghost
  4676 | D:6      | Reached XP level 9. HP: 74/79 MP: 8/8
  4732 | D:6      | Found a glowing drain.
  4749 | D:6      | Reached skill level 10 in Axes
  4781 | D:6      | Reached **** piety under Trog
  5294 | D:7      | Identified the +6 whip of Ignis's Generosity {protect,
                  | rElec}
  5540 | D:7      | Reached skill level 11 in Axes
  5730 | D:7      | Noticed Maggie
  5741 | D:7      | Killed Maggie
  5862 | D:8      | Noticed an orange crystal statue
  5905 | D:8      | Reached ***** piety under Trog
  6279 | D:8      | Reached XP level 10. HP: 85/89 MP: 9/9
  6296 | D:8      | Reached skill level 12 in Axes
  6623 | D:8      | Identified a scroll of acquirement
  6624 | D:8      | Acquired the +0 hat of Slovenliness {rN+ Dex+6}
  6644 | D:8      | Gained mutation: You occasionally lose the ability to read
                  | scrolls when taking damage. [potion of mutation]
  6644 | D:8      | Gained mutation: You have very sharp teeth. [potion of
                  | mutation]
  6644 | D:8      | Gained mutation: You are vulnerable to cold. (rC-) [potion
                  | of mutation]
  6645 | D:8      | Lost mutation: You have very sharp teeth. [potion of
                  | mutation]
  6645 | D:8      | Lost mutation: You are vulnerable to cold. (rC-) [potion of
                  | mutation]
  6645 | D:8      | Lost mutation: You occasionally lose the ability to read
                  | scrolls when taking damage. [potion of mutation]
  6645 | D:8      | Gained mutation: Your body sometimes deteriorates upon
                  | taking damage. [potion of mutation]
  6645 | D:8      | Gained mutation: You are occasionally teleported next to
                  | monsters. [potion of mutation]
  6645 | D:8      | Gained mutation: You are partially covered in iridescent
                  | scales. (AC +2) [potion of mutation]
  6645 | D:8      | Gained mutation: You are agile. (Dex +4, Str/Int -1)
                  | [potion of mutation]
  6646 | D:8      | Lost mutation: You are agile. (Dex +4, Str/Int -1) [potion
                  | of mutation]
  6646 | D:8      | Lost mutation: Your body sometimes deteriorates upon taking
                  | damage. [potion of mutation]
  6646 | D:8      | Lost mutation: You are occasionally teleported next to
                  | monsters. [potion of mutation]
  6646 | D:8      | Gained mutation: You occasionally lose the ability to read
                  | scrolls when taking damage. [potion of mutation]
  6702 | D:8      | Killed an orange crystal statue
  7169 | D:9      | Found a staircase to the Lair.
  7178 | D:9      | Reached skill level 10 in Armour
  7180 | D:9      | Reached skill level 5 in Shields
  7190 | D:9      | Received a gift from Trog
  7191 | D:9      | Reached skill level 13 in Axes
  7209 | D:9      | Lost mutation: You occasionally lose the ability to read
                  | scrolls when taking damage. [potion of mutation]
  7209 | D:9      | Lost mutation: You are partially covered in iridescent
                  | scales. (AC +2) [potion of mutation]
  7209 | D:9      | Gained mutation: Your spells are a little harder to cast,
                  | but a little more powerful. [potion of mutation]
  7209 | D:9      | Gained mutation: You are weak. (Str -2) [potion of
                  | mutation]
  7209 | D:9      | Gained mutation: You are agile. (Dex +4, Str/Int -1)
                  | [potion of mutation]
  7471 | D:9      | Reached skill level 5 in Dodging
  7471 | D:9      | Reached XP level 11. HP: 80/97 MP: 10/10
  7495 | D:9      | Found a stormy altar of Qazlal.
  7499 | D:9      | Found a shimmering blue altar of Sif Muna.
  7507 | D:9      | Found a glowing silver altar of Zin.
  7507 | D:9      | Found a glowing golden altar of the Shining One.
  7509 | D:9      | Found an opulent altar of Gozag.
  7509 | D:9      | Found a basalt altar of Yredelemnul.
  8151 | D:10     | Entered Level 10 of the Dungeon
  8155 | D:10     | Noticed Urug
  8174 | D:10     | Killed Urug
  8603 | D:10     | Reached skill level 10 in Fighting
  8611 | D:10     | Reached skill level 14 in Axes
  8792 | D:10     | Found a sacrificial altar of Ru.
  8792 | D:10     | Found a radiant altar of Vehumet.
  8907 | D:11     | Found a corrupted altar of Lugonu.
  8907 | D:11     | Noticed a brown ugly thing
  8976 | D:11     | Noticed a deep elf pyromancer
  8982 | D:11     | Killed a deep elf pyromancer
  9030 | D:11     | Noticed a boulder beetle
  9051 | D:11     | Killed a boulder beetle
  9408 | D:11     | You fall into a shaft and drop 1 floor!
  9435 | D:12     | Noticed Azrael
  9458 | D:12     | Killed Azrael
  9459 | D:12     | Reached XP level 12. HP: 110/110 MP: 11/11
  9496 | D:12     | Found a gate leading to a gauntlet.
  9518 | Gauntlet | Entered a Gauntlet
  9518 | Gauntlet | Found a transporter.
  9518 | Gauntlet | Found a transporter.
  9519 | Gauntlet | Found a transporter.
  9519 | Gauntlet | Found a transporter.
  9522 | Gauntlet | Found a transporter.
  9532 | Gauntlet | Found a transporter.
  9598 | Gauntlet | Found a transporter.
  9613 | Gauntlet | Found a transporter.
  9623 | Gauntlet | Found a transporter.
  9633 | Gauntlet | Found a transporter.
  9648 | Gauntlet | Found a transporter.
  9654 | Gauntlet | Found a transporter.
 10209 | Gauntlet | Reached skill level 15 in Axes
 10233 | Gauntlet | Noticed a minotaur
 10248 | Gauntlet | Killed a minotaur
 10479 | D:12     | Noticed a two-headed ogre
 10501 | D:12     | Killed a two-headed ogre
 10694 | D:12     | Found a staircase to the Orcish Mines.
 10749 | D:12     | Noticed a boulder beetle
 10777 | D:12     | Killed a boulder beetle
 10946 | D:12     | Received a gift from Trog
 11269 | D:4      | Bought a +1 kite shield of cold resistance for 165 gold
                  | pieces
 11396 | D:4      | Bought a potion of haste for 110 gold pieces
 11553 | D:11     | Found Irrere's Armour Shop.
 11843 | D:11     | Found a transporter.
 11845 | D:11     | Found a transporter.
 12203 | D:13     | Noticed Erolcha
 12211 | D:13     | Killed Erolcha
 12240 | D:13     | Noticed a vault guard
 12240 | D:13     | Noticed a vault guard
 12240 | D:13     | Noticed a vault guard
 12241 | D:13     | Found a gate to the Vaults.
 12241 | D:13     | Noticed a vault guard
 12241 | D:13     | Noticed a vault guard
 12241 | D:13     | Noticed a vault guard
 12242 | D:13     | Noticed a vault guard
 12242 | D:13     | Noticed a vault guard
 12242 | D:13     | Noticed Jorgrun
 12257 | D:13     | Killed a vault guard
 12258 | D:13     | Reached skill level 1 in Maces & Flails
 12258 | D:13     | Reached XP level 13. HP: 77/119 MP: 12/12
 12271 | D:13     | Mangled by a vault guard

Illustrated notes

Levels and vault maps discovered:
D:1:      tarquinn_simple_flora_water_e, layout_basic
D:2:      layout_basic, uniq_terence
D:3:      minmay_door_path, layout_rooms
D:4:      layout_basic, serial_shops, nicolae_shop_trees, shop_fountains,
          kennysheep_little_box, nicolae_shop_temple_entry_statues_fountains,
          shop, serial_co_window_serial, co_window_corner_a, co_window_corner_a,
          co_window_paths_a, co_window_paths_a, co_window_cross_1,
          co_window_broadway_a, co_window_broadway_b, co_window_corner_cb,
          co_window_of_opportunity_b, co_window_2corner, glass_columns_c,
          glass_columns_a, minmay_cupped, uniq_duvessa, uniq_grinder
D:5:      layout_layer_cave, temple_green, corexii_checkpoint_a,
          kennysheep_generic_room_7
D:6:      layout_loops_ring, cheibrodos_sewer_entry_sluice,
          nicolae_ossuary_entry_plus, ebering_ghost_sewer_d
D:7:      layout_rooms, uniq_maggie
D:8:      layout_basic, disabler_island
D:9:      layout_layer_cave, grunt_temple_overflow_open, minmay_lair_entry_grove
D:10:     layout_loops_cross, gammafunk_temple_overflow_statue, minivault_19,
          uniq_urug
D:11:     gammafunk_corrupted_shrine, layout_basic, serial_shops,
          nicolae_inconvenience_store, statue_in_the_mist_lemuel
D:12:     layout_roguey, david_orc_5, gauntlet_entry_generic, uniq_azrael
D:13:     layout_loops_ring, erik_vaults_2, serial_ice, serial_ice_n,
          serial_ice_a, serial_ice_i, serial_ice_o, serial_ice_h, serial_ice_b,
          nicolae_figureground_pulse, uniq_erolcha, uniq_jorgrun

Skill      XL: |  1  2  3  4  5  6  7  8  9 10 11 12 |
---------------+-------------------------------------+-----
Axes           | 4 5 6 7 8 9 11 13 14 15 | 15.6
Fighting       | 4 5 6 7 8 9 11 12 | 12.5
Armour         | 3 4 5 7 9 10 12 14 | 14.3
Dodging        | 3 4 5 |  5.4
Stealth        | 1 2 |  2.0
Shields        | 3 4 5 7 9 |  9.0
Maces & Flails | 1 |  1.2

Action                     |  1- 3 |  4- 6 |  7- 9 | 10-12 | 13-15 || total
---------------------------+-------+-------+-------+-------+-------++-------
  Melee: Hand axe          |    79 |    75 |   358 |   607 |       ||  1119
         Headbutt          |     5 |    10 |    63 |   190 |       ||   268
         Mace              |       |       |       |    47 |     2 ||    49
 Invoke: Berserk           |     2 |     1 |     3 |    11 |       ||    17
         Brothers in Arms  |       |       |       |     4 |     1 ||     5
         Trog's Hand       |       |       |       |     2 |     1 ||     3
    Use: Scroll            |       |       |     8 |    14 |     3 ||    25
         Potion            |       |       |       |    15 |       ||    15
 Armour: Animal skin       |    10 |       |       |       |       ||    10
         Chain mail        |    22 |    38 |   170 |    89 |       ||   319
         Plate armour      |       |       |       |    72 |     1 ||    73
  Dodge: Dodged            |    41 |    28 |   117 |   320 |       ||   506
         Repelled          |       |       |       |     1 |       ||     1
  Block: Buckler           |       |     3 |    52 |   143 |       ||   198
         Kite shield       |       |       |       |    43 |       ||    43

Table legend: (Time is in decaauts)
 A = Elapsed time spent in this place.
 B = Non-inter-level travel time spent in this place.
 C = Inter-level travel time spent in this place.
 D = Time resting spent in this place.
 E = Time spent auto-exploring this place.
 F = Levels seen in this place.
 G = Mean time per level.
                   A        B        C        D        E       F      G
               +--------+--------+--------+--------+--------+-----+--------+
         Total |  12174 |  11290 |    884 |      0 |   8481 |  15 |  811.6 |
       Dungeon |  11171 |  10287 |    884 |      0 |   8113 |  13 |  859.3 |
       Ossuary |    190 |    190 |      0 |      0 |    110 |   1 |  190.0 |
      Gauntlet |    812 |    812 |      0 |      0 |    258 |   1 |  812.0 |
               +--------+--------+--------+--------+--------+-----+--------+

Top non-repeatable levels by time:
     D:5: 1303 daAuts
     D:8: 1162 daAuts
     D:9: 1155 daAuts
     D:4: 1101 daAuts
    D:11: 1011 daAuts
     D:6: 897 daAuts
     D:1: 855 daAuts
    D:12: 842 daAuts
Gauntlet: 812 daAuts
    D:10: 697 daAuts
     D:2: 633 daAuts
     D:3: 619 daAuts
     D:7: 590 daAuts
    D:13: 302 daAuts
 Ossuary: 190 daAuts
